hothraxxa, lawful female human Samurai -------.--.--- |............| |............| |....s@......| |......<.....| |............| -------------- hothraxxa the Ronin Experience level: 5 Strength: 17 Dexterity: 15 Constitution: 18 Intelligence: 12 Wisdom: 9 Charisma: 7 Health: 0(44) Energy: 18(18) AC: 4 Gold: 361 Moves: 831 Your Inventory: Coins $ - 361 gold pieces Weapons a - a blessed +0 katana b - an uncursed +3 wakizashi (alternate weapon; not wielded) c - an uncursed +0 yumi (weapon in hand) d - 42 uncursed +0 ya (in quiver) i - an [uncursed +0] two-handed sword of stealth n - an [uncursed +0] dagger Armor o - an [uncursed +2] dwarvish cloak v - an [uncursed +0] pair of buckled boots [levitation] A - an uncursed rustproof +0 splint mail (being worn) Comestibles f - an [uncursed] lichen corpse m - 2 [uncursed] gunyoki Scrolls h - a [blessed] scroll labeled ELBIB YLOH [of magic mapping] q - an [uncursed] scroll labeled KO BATE [of fire] r - an [uncursed] scroll labeled XIXAXA XOXAXA XUXAXA [of identify] w - an [uncursed] scroll labeled ABRA KA DABRA [of gold detection] x - a [blessed] scroll labeled PHOL ENDE WODAN [of enchant armor] z - an [uncursed] scroll labeled ELBIB YLOH [of magic mapping] B - an [uncursed] scroll labeled PHOL ENDE WODAN [of enchant armor] Potions j - a [blessed] silver potion [of hallucination] s - a [cursed] puce potion [of full healing] u - an [uncursed] orange potion [of gain level] Rings y - an [uncursed -2] moonstone ring [of increase damage] Wands k - an [uncursed] wand called short ne [of locking (0:6)] Tools g - an [uncursed] leash l - an [uncursed oil] lamp called found named 381 (lit) p - 3 [uncursed tallow] candles Spells known in the end: Name Level Category Fail Memory Your skills at the end: Fighting Skills martial arts [Basic / Master] Weapon Skills short sword [Basic / Expert] long sword [Basic / Expert] bow [Basic / Expert] Spellcasting Skills Final Attributes: You were devoutly aligned. Hunger level was 838. Your alignment was 14 / 14. Monster difficulty range was 1 - 6. Level difficulty was 7. You were fast. Your luck was zero. You are dead. Vanquished creatures: a yellow light a little dog a dwarf a large kobold a giant rat 6 gnomes 4 jackals 2 sewer rats a grid bug a lichen a kobold zombie 2 newts 22 creatures vanquished. Voluntary challenges: You were an atheist. You used a wielded weapon 23 times. You read items or engraved 3 times. You put on armor 1 time. You never genocided any monsters. You never polymorphed an object. You never changed form. You used no wishes. You wrote Elbereth's name 2 times. You never encountered a bones level. You never used any Sokoban shortcuts. Dungeon overview: The Dungeons of Doom: levels 1 to 7 Level 1 a long staircase Level 2 a general store stairs to The Gnomish Mines Level 4 a scroll shop Level 5 a fountain Level 7 <- You were here The Gnomish Mines: Level 3 stairs to The Dungeons of Doom History has recorded: On T:1 you entered the Dungeons of Doom to retrieve the Amulet of Yendor! On T:153 you reached level 2 of The Dungeons of Doom. On T:212 you reached level 3 of The Dungeons of Doom. On T:326 you reached level 1 of The Gnomish Mines. On T:343 you advanced to experience level 2. On T:351 you advanced to experience level 3. On T:359 you advanced to experience level 4. On T:541 you reached level 4 of The Dungeons of Doom. On T:721 you reached level 5 of The Dungeons of Doom. On T:789 you reached level 6 of The Dungeons of Doom. On T:813 you advanced to experience level 5. On T:826 you reached level 7 of The Dungeons of Doom. Latest messages: That food really hit the spot! [HP+1=41] You finish eating the gunyoki. You destroy the kobold zombie! [HP+1=42] You fall down the stairs. [HP-1=41] The giant spider bites! [HP-5=36] You miss it. The giant spider bites! [HP-6=30] You miss it. The giant spider bites! [HP-6=24] You hit it. The giant spider bites! (2x) [HP-14=10] You hit it. The giant spider bites! The giant spider's bite was poisoned! You die... Final status: Sayonara hothraxxa the Samurai... You died in The Dungeons of Doom on dungeon level 7 with 1137 points, and 361 pieces of gold, after 831 moves. You were level 5 with a maximum of 44 hit points when you died.